 Dungeon Crawl Stone Soup version 0.32-a0-616-g9348d4545b (webtiles) character file.

Game seed: 7220153308043968924

284 meatmacerator the Ducker (level 6, -3/42 HPs)
             Began as an Octopode Fighter on Mar 6, 2024.
             Slain by a gnoll
             ... wielding a +0 flail
             ... led by a gnoll bouda
              (4 damage)
             ... on level 5 of the Dungeon.
             The game lasted 00:02:00 (1833 turns).

meatmacerator the Ducker (Octopode Fighter)         Turns: 1833, Time: 00:02:00

Health: -3/42      AC:  1    Str: 17    XL:     6   Next: 29%
Magic:  6/6        EV: 14    Int: 10    God:
Gold:   65         SH:  4    Dex: 12    Spells: 5/5 levels left

rFire   . .          .
                       - Unarmed
rCold   . . .        a - +0 buckler
rNeg    . . .        (helmet restricted)
rPois   .            (no amulet)
rElec   .            (no ring)
rCorr   .            (no ring)
SInv    .            (no ring)
Will    .....        (no ring)
Stlth   +++          (no ring)
HPRegen 0.27/turn    (no ring)
MPRegen 0.10/turn    (no ring)
                     (no ring)

%: no passive effects
@: weakened
A: almost no armour, amphibious, 8 rings, camouflage 1, gelatinous body 1,
(nimble swimmer 1), tentacles
a: no special abilities


You were on level 5 of the Dungeon.
You visited 1 branch of the dungeon, and saw 4 of its levels.

You collected 65 gold pieces.

Inventory:

Missiles
 i - a throwing net (quivered)
Armour
 a - a +0 buckler (worn)
Scrolls
 f - 2 scrolls of summoning
 g - a scroll of teleportation {unknown}
 h - 2 scrolls of identify
Potions
 b - 2 potions of might
 c - a potion of curing
 d - a potion of magic {unknown}
 e - a potion of cancellation {unknown}
 j - a potion of berserk rage {unknown}
 k - a potion of brilliance {unknown}


   Skills:
 + Level 3.6 Fighting
 * Level 4.4 Dodging
 + Level 2.0 Stealth
 + Level 3.6 Shields
 * Level 4.2 Unarmed Combat


You had 5 spell levels left.
You didn't know any spells.
Your spell library was empty.

Dungeon Overview and Level Annotations

Branches:
Dungeon (3/15)             Temple (0/1) D:5

Altars:


Innate Abilities, Weirdness & Mutations

You cannot wear most types of armour.
You are amphibious.
You can wear up to eight rings at the same time.
Your skin changes colour to match your surroundings (Stealth+).
Your rubbery body absorbs attacks. (AC +1, EV +1)
((You are camouflaged when in or above water. (Stealth+)))
You have tentacles for arms and can constrict up to eight enemies at once.


Message History

The magic dart hits you!
You tentacle-slap Sigmund.
You kill Sigmund!
Your Stealth skill increases to level 2!
Your Unarmed Combat skill increases to level 4!
You have reached level 6!
HP restored.
There is a stone staircase leading down here.
As you open the door, it creaks loudly!
No target in view!
There is an open door here.
A gnoll comes into view. It is wielding a +0 club.
A gnoll comes into view. It is wielding a +0 club.
A gnoll bouda and 2 gnolls come into view.
Found a staircase to the Ecumenical Temple.
The gnoll shouts! x3
You tentacle-slap the gnoll. Your grab misses the gnoll.
The gnoll is lightly wounded.
The gnoll bouda barks out a call to the hunt!
The gnolls pick up the pace!
You block the gnoll's attack.
You bludgeon the gnoll! Your grab misses the gnoll.
The gnoll is heavily wounded.
The gnoll hits you with a +0 club. The gnoll misses you.
You tentacle-slap the gnoll. Your grab misses the gnoll.
Your squeeze misses the gnoll.
The gnoll is severely wounded.
The gnoll bouda gazes fiercely through you!
You feel your attacks grow feeble. The gnoll hits you with a +0 whip!
The gnoll hits you with a +0 flail! The gnoll hits you with a +0 club.
* * * LOW HITPOINT WARNING * * *
The gnoll bouda gazes fiercely through you!
You feel as though you will be weak longer.
The gnoll barely misses you.
The gnoll bouda attacks as it pursues you!
The gnoll bouda hits you with a +0 club!
* * * LOW HITPOINT WARNING * * *
The gnoll hits you with a +0 flail.
You die...

#.####...##...##.#
#........##...##.#
#####....##...##.#
#....##...##.#
#....##...##.#
#....##...##.#
.#.####.#### #.#
....!...# #.#####
...####@###
##..... #...ggg#
####..
#...gg.###... #..
#............ #..
#.......⌠..>. #..
#............ #..
#......###... +..
#......# .⌠. #..
##.....# .. #..


You could see a gnoll bouda and 4 gnolls.

Vanquished Creatures
  Sigmund (D:5)
  3 gnolls (D:2)
  4 adders (D:2)
  2 dart slugs
  2 ribbon worms (D:2)
  2 bats
  3 endoplasms
  8 goblins
  4 hobgoblins
  7 jackals
  2 quokkas
  2 ball pythons
  3 kobolds (D:1)
  10 rats
53 creatures vanquished.

Notes
Turn   | Place    | Note
-------+----------+-------------------------------------------
     0 | D:1      | meatmacerator the Octopode Fighter began the quest for the
                  | Orb.
     0 | D:1      | Reached XP level 1. HP: 16/16 MP: 1/1
   176 | D:1      | Reached XP level 2. HP: 20/21 MP: 2/2
   472 | D:1      | Reached XP level 3. HP: 26/26 MP: 3/3
   850 | D:2      | Reached XP level 4. HP: 31/31 MP: 4/4
  1187 | D:2      | Reached skill level 1 in Stealth
  1187 | D:2      | Reached XP level 5. HP: 25/36 MP: 5/5
  1668 | D:3      | You fall into a shaft and drop 2 floors!
  1668 | D:5      | Entered Level 5 of the Dungeon
  1720 | D:5      | Noticed Sigmund
  1730 | D:5      | Killed Sigmund
  1731 | D:5      | Reached XP level 6. HP: 28/42 MP: 6/6
  1826 | D:5      | Found a staircase to the Ecumenical Temple.
  1832 | D:5      | HP: 1/42 [gnoll bouda/+0 club (11)]
  1833 | D:5      | Slain by a gnoll

Illustrated notes

Levels and vault maps discovered:
D:1:      dpeg_arrival_refuge, layout_loops_cross, minmay_quantized
D:2:      layout_loops_ring
D:3:      layout_rooms, mainiacjoe_overflow_two_lobes
D:5:      layout_basic, minmay_temple_entry_junction, minmay_misc_feat_plants,
          uniq_sigmund

Skill      XL: |  1  2  3  4  5 |
---------------+----------------+-----
Unarmed Combat | 3 4 |  4.2
Stealth        | 1 2 |  2.0
Dodging        | 4 |  4.4
Fighting       | |  3.6
Shields        | |  3.6

Action                     |  1- 3 |  4- 6 || total
---------------------------+-------+-------++-------
  Melee: Unarmed           |    62 |    43 ||   105
         Constrict         |    23 |    13 ||    36
         Punch             |     1 |     1 ||     2
         Tentacles         |    13 |    11 ||    24
    Use: Scroll            |     3 |       ||     3
         Potion            |       |     1 ||     1
   Stab: Sleeping          |     3 |     2 ||     5
 Armour: Skin              |    27 |    44 ||    71
  Dodge: Dodged            |    24 |    49 ||    73
  Block: Buckler           |     5 |    13 ||    18

Table legend: (Time is in decaauts)
 A = Elapsed time spent in this place.
 B = Non-inter-level travel time spent in this place.
 C = Inter-level travel time spent in this place.
 D = Time resting spent in this place.
 E = Time spent auto-exploring this place.
 F = Levels seen in this place.
 G = Mean time per level.
                   A        B        C        D        E       F      G
               +--------+--------+--------+--------+--------+-----+--------+
         Total |   1832 |   1751 |     81 |      0 |   1418 |   4 |  458.0 |
       Dungeon |   1832 |   1751 |     81 |      0 |   1418 |   4 |  458.0 |
               +--------+--------+--------+--------+--------+-----+--------+

Top non-repeatable levels by time:
     D:2: 807 daAuts
     D:1: 720 daAuts
     D:5: 164 daAuts
     D:3: 139 daAuts
